Map: 16 bits EC

Players

HoldTheDoor - Winner!

  • Race: Protoss Protoss
  • League: Diamond
  • Spawn Location: 7:00

Satorius

  • Race: Zerg Zerg
  • League: Platinum
  • Spawn Location: 1:00

VOD

Have the link to the VOD?

Description

Time

  • Played on: July 7, 2018, 3:34 p.m.
  • Length: 9:31
Show
View Real Time Build Order
Export as new Build Order

HoldTheDoor Protoss - Winner!

Build Orders:  

Get SALT Encoding   

  12  0:00  Probe  
  13  0:12  Probe  
  14  0:18  Pylon  
  14  0:24  Probe  
  15  0:36  Probe  
  15  0:40  Gateway  
  16  0:45  Assimilator  
  16  0:46  Probe  
  17  0:54  Probe  
  17  1:04  Probe  
  18  1:16  Probe  
  19  1:21  Gateway  
  19  1:27  Cybernetics Core  
  19  1:28  Probe  
  20  1:36  Assimilator  
  20  1:40  Probe  
  20  1:43  Pylon  
  21  1:52  Probe  
  22  1:57  Warp Gate  
  22  2:04  Probe  
  22  2:07  Adept  
  23  2:08  Adept  
  25  2:19  Probe  
  28  2:25  Pylon  
  28  2:33  Sentry  
  30  2:43  Adept  
  32  2:59  Nexus  
  30  4:12  Stargate, Probe  
  30  4:13  Probe  
  32  4:20  Pylon  
  32  4:24  Probe  
  33  4:25  Probe  
  33  4:26  Adept x2  
  38  4:36  Probe  
  39  4:41  Probe, Gateway  
  40  4:46  Pylon  
  40  4:47  Oracle  
  40  4:48  Probe  
  40  4:52  Protoss Air Weapons Level 1  
  41  4:54  Adept  
  41  4:55  Adept  
  48  5:01  Probe  
  48  5:02  Probe  
  48  5:06  Pylon  
  50  5:08  Assimilator  
  50  5:13  Probe  
  50  5:14  Probe  
  52  5:16  Pylon  
  52  5:26  Probe x2  
  54  5:44  Void Ray  
  54  5:47  Probe x2  
  60  5:59  Probe x2  
  62  6:11  Probe  
  62  6:18  Void Ray  
  63  6:22  Stalker x3  
  70  6:32  Assimilator  
  70  6:38  Pylon  
  70  6:43  Stargate, Probe x2  
  72  6:53  Stalker x3  
  78  6:57  Nexus  
  78  6:58  Pylon  
  78  7:01  Pylon  
  78  7:02  Void Ray  
  79  7:19  Probe x2  
  81  7:27  Pylon  
  81  7:31  Stalker x3, Probe x2  
  81  7:35  Void Ray  
  93  7:38  Void Ray  
  93  7:43  Probe  
  94  7:47  Gateway  
  94  7:48  Gateway  
  94  7:50  Pylon  
  98  7:59  Nexus  
  98  8:02  Pylon  
  98  8:06  Stalker  
  98  8:08  Stalker  
  102  8:18  Void Ray  
  106  8:26  Void Ray  
Show
View Real Time Build Order
Export as new Build Order

Satorius Zerg 

Build Orders: 3 Hatch before Pool 

Get SALT Encoding   

  12  0:01  Drone  
  13  0:14  Overlord  
  13  0:18  Drone  
  14  0:32  Drone x2  
  16  0:36  Drone  
  17  0:47  Drone  
  18  0:59  Hatchery  
  18  1:02  Drone  
  18  1:14  Drone  
  19  1:20  Overlord  
  19  1:29  Drone  
  20  1:40  Hatchery  
  19  1:52  Spawning Pool  
  18  1:58  Drone  
  18  1:59  Drone  
  20  2:01  Drone  
  20  2:06  Extractor  
  20  2:14  Drone x2  
  22  2:25  Drone x2  
  24  2:41  Drone x2  
  26  2:46  Queen x2  
  30  2:51  Queen  
  30  2:55  Drone x2  
  34  3:00  Spore Crawler  
  33  3:05  Drone x2  
  33  3:11  Overlord  
  35  3:14  Metabolic Boost  
  29  3:41  Drone x5  
  32  3:49  Zergling x2  
  32  4:09  Drone x4  
  36  4:11  Drone x2  
  36  4:12  Drone  
  39  4:18  Lair  
  39  4:22  Drone  
  40  4:29  Drone x3  
  40  4:30  Drone  
  44  4:45  Extractor  
  44  4:48  Roach Warren  
  44  4:49  Drone x6  
  48  4:56  Extractor  
  48  4:59  Extractor, Drone  
  48  5:00  Drone x3  
  50  5:11  Overlord  
  49  5:24  Zergling x4  
  50  5:30  Zergling x14  
  50  5:31  Zergling x2  
  58  5:36  Overlord x2  
  58  5:56  Roach x4  
  58  5:57  Roach x3  
  72  5:58  Glial Reconstitution  
  72  6:06  Queen  
  72  6:20  Queen  
  72  6:22  Roach, Overlord x3  
  74  6:32  Extractor  
  74  6:33  Overlord, Drone, Extractor  
  74  6:38  Overlord x3, Drone  
  74  6:51  Drone x2  
  74  6:52  Drone x2  
  78  6:54  Hatchery  
  78  6:58  Roach x2  
  74  7:16  Drone x6  
  74  7:17  Drone x5  
  81  7:27  Hydralisk Den  
  80  7:31  Evolution Chamber, Drone x2  
  80  7:32  Drone x2  
  80  7:35  Evolution Chamber  
  80  7:36  Spore Crawler  
  81  7:41  Drone x3  
  84  7:47  Ravager x4  
  88  7:51  Overseer  
  88  7:57  Grooved Spines  
  88  8:07  Extractor  
  88  8:10  Spore Crawler  
  88  8:11  Queen  
  88  8:12  Extractor  
  87  8:18  Hydralisk x2  
  91  8:25  Overseer  
  91  8:26  Hydralisk  
  91  8:28  Spine Crawler  
  91  8:30  Hydralisk  
  91  8:31  Hydralisk  
  96  8:43  Drone x6  
  96  8:44  Drone  
  80  8:56  Hydralisk x3  
  78  9:05  Hydralisk x2  
Tags
 
Add a new tag
Caveats
  • Supply blocks, unpowered buildings, or Contaminate may cause inaccurate times.
  • Supply counts are checked every 10 seconds.